 Dungeon Crawl Stone Soup version 0.23.2-1-ga50397a (webtiles) character file.

Game seed: 14270068824949880144

7768 Fang the Fighter (level 11, -1/108 HPs)
             Began as a Gargoyle Berserker on May 17, 2019.
             Was a High Priest of Trog.
             Killed from afar by a gargoyle (7 damage)
             ... with a stone arrow
             ... on level 11 of the Dungeon.
             The game lasted 00:14:44 (11032 turns).

Fang the Fighter (Gargoyle Berserker)              Turns: 11032, Time: 00:14:45

Health: -1/108     AC: 12    Str: 28    XL:     11   Next: 20%
Magic:  6/6        EV: 15    Int: 17    God:    Trog [*****.]
Gold:   360        SH:  0    Dex:  9    Spells: 10/10 levels left

rFire    . . .     SeeInvis .   e - +4 broad axe (antimagic)
rCold    + . .     Gourm    +   (no shield)
rNeg     + . .     Faith    .   o - +0 leather armour of the Well-Known Curses {*Drain Int+8}
rPois    ∞         Spirit   .   (no helmet)
rElec    +         Reflect  .   (no cloak)
rCorr    .         Harm     .   (no gloves)
MR       .....                  (no boots)
Stlth    ..........             d - amulet of the gourmand
HPRegen  0.28/turn              x - ring of magical power
MPRegen  0.10/turn              A - ring of protection from cold

@: berserking, very quick
A: negative energy resistance 1, electricity resistance, unbreathing,
petrification resistance, rot immunity, AC +8
a: Berserk, Trog's Hand, Brothers in Arms, Renounce Religion


You were on level 11 of the Dungeon.
You worshipped Trog.
Trog was extremely pleased with you.
You were very full.

You visited 2 branches of the dungeon, and saw 12 of its levels.
You also visited: Bailey.

You collected 360 gold pieces.

Inventory:

Hand Weapons
 a - a +2 war axe of freezing
 e - a +4 antimagic broad axe (weapon)
Armour
 b - a +2 plate armour
 o - the +0 leather armour of the Well-Known Curses (worn) {*Drain Int+8}
   (You found it on level 9 of the Dungeon)

   It affects your intelligence (+8).
   It causes draining when unequipped.
Jewellery
 d - an amulet of the gourmand (around neck)
 l - a +5 amulet of reflection
 x - a ring of magical power (left hand)
 A - a ring of protection from cold (right hand)
Wands
 k - a wand of acid (13)
 y - a wand of paralysis (8)
 B - a wand of iceblast (7)
Scrolls
 f - 9 scrolls of remove curse
 m - a scroll of blinking
 r - 3 scrolls of magic mapping
Potions
 h - 2 potions of flight
 i - 2 potions of mutation
 j - 2 potions of curing
 n - 3 potions of agility
 p - a potion of might {unknown}
 s - 3 potions of haste
 t - a potion of ambrosia
 u - a potion of resistance
 v - a potion of cancellation
 D - 2 potions of heal wounds
Comestibles
 c - 20 rations
 g - a chunk of flesh


   Skills:
 + Level 9.9 Fighting
 + Level 8.3 Axes
 + Level 9.6 Armour
 + Level 7.2 Dodging


You had 10 spell levels left.
You didn't know any spells.
Your spell library was empty.

Dungeon Overview and Level Annotations

Branches:
Dungeon (11/15)            Temple (1/1) D:5             Orc (0/2) D:11
   Lair: D:8-11

Altars:
Cheibriados
Elyvilon
Fedhas
Gozag
Okawaru
Qazlal
Trog
Vehumet
Wu Jian
Yredelemnul
The Shining One

Shops:
D:5 (   D:8 [


Innate Abilities, Weirdness & Mutations

You are resistant to torment.
Your stone body is resilient. (AC +8)
You are immune to poison.
You resist negative energy. (rN+)
You are resistant to electric shocks. (rElec)
You can survive without breathing.
You are immune to petrification.
You are immune to rotting.


Message History

You are too injured to fight recklessly!
You are too injured to fight recklessly!
A red film seems to cover your vision as you go berserk!
You feel yourself moving faster!
You feel mighty!
You slash the gargoyle!
The gargoyle is moderately damaged.
The gargoyle hurls a stone arrow at you.
The stone arrow hits you!!
* * * LOW HITPOINT WARNING * * *
You slash the gargoyle!
The gargoyle is severely damaged.
The gargoyle hits you with a +0 morningstar!!
* * * LOW HITPOINT WARNING * * *
You completely miss the gargoyle.
The gargoyle is severely damaged.
You hit the gargoyle.
The gargoyle is almost destroyed.
The gargoyle hurls a stone arrow at you.
The stone arrow hits you!
You die...

........
.......#######
#.....#.....#
#.....#.....#
#.....#.....#
#.....+.....#
#.....#.....#
#.....@$....#
#.....#9....#
#.....##....#
#......#....#
#.>....# ...#
#......# .....
######......#
....
#...........#
....
####........#


You could see a gargoyle.

Vanquished Creatures
  A two-headed ogre (D:8)
  4 slime creatures (D:10)
  Sigmund (D:3)
  A spriggan (D:8)
  4 yaks (D:10)
  2 hungry ghosts
  Menkaure (D:6)
  A water moccasin (D:7)
  A black bear (D:7)
  5 orc warriors
  2 ice beasts
  5 ogres
  3 sky beasts
  An eye of draining (D:10)
  A necrophage (D:9)
  4 centaurs
  4 big kobolds
  3 bullfrogs
  A gnoll sergeant (D:9)
  3 wyvern skeletons
  4 scorpions
  7 howler monkeys
  3 crimson imps
  3 bullfrog zombies
  A quasit (D:10)
  A bullfrog skeleton (D:9)
  8 orc priests
  5 hounds
  5 jellies
  Jessica (D:2)
  Terence (D:2)
  Natasha (thrice) (D:2)
  12 orc wizards
  10 worker ants
  2 killer bee zombies (D:10)
  A hound skeleton (D:7)
  A howler monkey zombie (D:6)
  A worker ant zombie (D:9)
  2 howler monkey skeletons
  9 gnolls
  7 adders
  A shadow imp (D:5)
  2 oozes
  An adder skeleton (D:7)
  4 worms
  5 dart slugs
  3 leopard geckos
  57 orcs
  6 bats
  8 giant cockroaches
  10 goblins
  4 hobgoblins
  23 jackals
  6 quokkas
  6 frilled lizards
  15 kobolds
  A quokka skeleton (D:5)
  3 rats
290 creatures vanquished.

Vanquished Creatures (others)
  An orc wizard (D:6)
  A jackal zombie (D:8)
2 creatures vanquished.

Grand Total: 292 creatures vanquished

Notes
Turn   | Place    | Note
-------+----------+-------------------------------------------
     0 | D:1      | Fang the Gargoyle Berserker began the quest for the Orb.
     0 | D:1      | Reached XP level 1. HP: 14/14 MP: 1/1
    90 | D:1      | Reached XP level 2. HP: 19/19 MP: 2/2
   311 | D:1      | Reached XP level 3. HP: 19/23 MP: 3/3
   529 | D:2      | Noticed Terence
   548 | D:2      | Killed Terence
   797 | D:2      | Reached XP level 4. HP: 25/29 MP: 4/4
   820 | D:2      | Noticed a bullfrog
   836 | D:2      | Killed a bullfrog
   836 | D:2      | Reached XP level 5. HP: 7/33 MP: 5/5
  1210 | D:2      | Reached ** piety under Trog
  1247 | D:2      | Noticed Jessica
  1252 | D:2      | Killed Jessica
  1417 | D:2      | Noticed Natasha
  1434 | D:2      | Killed Natasha
  1724 | D:2      | Found a faded altar of an unknown god.
  1968 | D:2      | Noticed Natasha
  1976 | D:2      | Killed Natasha
  1976 | D:2      | Reached XP level 6. HP: 29/39 MP: 6/6
  2027 | D:2      | Noticed Natasha
  2040 | D:2      | Killed Natasha
  2528 | D:3      | Noticed Sigmund
  2542 | D:3      | Killed Sigmund
  2542 | D:3      | Reached skill level 5 in Fighting
  2724 | D:3      | Reached XP level 7. HP: 44/44 MP: 7/7
  2875 | D:3      | Found an opulent altar of Gozag.
  3080 | D:3      | Found a white marble altar of Elyvilon.
  3142 | D:3      | Found a basalt altar of Yredelemnul.
  3805 | D:4      | Reached *** piety under Trog
  3847 | D:4      | Reached skill level 5 in Armour
  3965 | D:4      | Found a bloodstained altar of Trog.
  4382 | D:4      | Reached XP level 8. HP: 44/51 MP: 8/8
  4826 | D:5      | Entered Level 5 of the Dungeon
  4862 | D:5      | Found a glowing golden altar of the Shining One.
  4884 | D:5      | Reached skill level 5 in Axes
  4959 | D:5      | Found a staircase to the Ecumenical Temple.
  4993 | Temple   | Entered the Ecumenical Temple
  5654 | D:5      | Found a stormy altar of Qazlal.
  5976 | D:5      | Reached **** piety under Trog
  6001 | D:5      | Reached XP level 9. HP: 52/56 MP: 9/9
  6234 | D:5      | Found Amas's Antique Weapon Shop.
  6418 | D:7      | Reached skill level 5 in Dodging
  6806 | D:6      | Noticed Menkaure
  6814 | D:6      | Killed Menkaure
  7370 | D:7      | Reached ***** piety under Trog
  7680 | D:8      | Found Igisoth's Antique Armour Emporium.
  7967 | D:8      | Found an iron altar of Okawaru.
  7992 | D:8      | Reached XP level 10. HP: 56/64 MP: 10/10
  8008 | D:8      | Found a radiant altar of Vehumet.
  8232 | D:8      | Noticed a two-headed ogre
  8245 | D:8      | Killed a two-headed ogre
  8353 | D:8      | Received a gift from Trog
  8853 | D:9      | Found an ornate altar of the Wu Jian Council.
  8859 | D:9      | Got an ichor-stained leather armour
  8870 | D:9      | Identified the cursed +0 leather armour of the Well-Known
                  | Curses {*Drain Int+8} (You found it on level 9 of the
                  | Dungeon)
  8968 | D:9      | Found a blossoming altar of Fedhas.
  8975 | D:9      | Found a snail-covered altar of Cheibriados.
  9276 | D:10     | Entered Level 10 of the Dungeon
  9799 | D:10     | Found a flagged portal.
  9814 | Bailey   | Entered a bailey
  9820 | Bailey   | Noticed a deep elf mage
  9863 | D:10     | Reached XP level 11. HP: 47/71 MP: 6/11
 10930 | D:11     | Found a staircase to the Orcish Mines.
 11032 | D:11     | Killed from afar by a gargoyle

Skill      XL: |  1  2  3  4  5  6  7  8  9 10 |
---------------+-------------------------------+-----
Axes           | 3 4 5 6 8 |  8.3
Dodging        | 2 3 4 5 7 |  7.2
Armour         | 3 4 5 6 7 9 |  9.6
Fighting       | 4 5 6 8 9 |  9.9

Action                   |  1- 3 |  4- 6 |  7- 9 | 10-12 || total
-------------------------+-------+-------+-------+-------++-------
Melee: Hand axe          |    77 |   176 |   162 |       ||   415
       War axe           |       |       |   385 |    51 ||   436
       Broad axe         |       |       |       |   252 ||   252
Invok: Berserk           |     1 |     6 |     7 |     4 ||    18
       Trog's Hand       |       |       |     1 |       ||     1
  Use: Scroll            |       |       |    20 |     8 ||    28
       Potion            |       |       |     1 |       ||     1
 Stab: Sleeping          |     1 |       |       |       ||     1
  Eat: Chunk             |       |    12 |    42 |    33 ||    87
Armor: Animal skin       |    35 |    51 |    10 |       ||    96
       Chain mail        |       |       |    59 |       ||    59
       Plate armour      |       |       |   363 |   102 ||   465
       Leather armour    |       |       |       |    66 ||    66
Dodge: Dodged            |    36 |   107 |   304 |   190 ||   637
Block: Other             |     6 |    47 |    77 |       ||   130
       Reflection        |       |     3 |     1 |       ||     4
